Map: Tours du crépuscule

Players

elecME

  • Race: Terran Terran
  • League: Silver
  • Spawn Location: 1:00

zidar - Winner!

  • Race: Zerg Zerg
  • League: Gold
  • Spawn Location: 7:00

VOD

Have the link to the VOD?

Description

Time

  • Played on: June 10, 2016, 12:42 p.m.
  • Length: 21:35
Show
View Real Time Build Order
Export as new Build Order

elecME Terran 

Build Orders: 1/1/1 

Get SALT Encoding   

  12  0:00  SCV  
  13  0:15  Supply Depot  
  13  0:18  SCV  
  14  0:30  SCV  
  15  0:39  Barracks  
  15  0:42  SCV  
  16  0:47  Refinery  
  16  0:53  Refinery  
  16  0:55  SCV  
  17  1:07  SCV  
  18  1:26  Marine  
  18  1:30  Supply Depot  
  18  1:31  Orbital Command  
  19  1:43  Factory  
  19  1:44  Marine  
  20  1:59  SCV  
  21  2:02  Marine  
  22  2:19  Marine  
  23  2:26  Factory Tech Lab  
  23  2:29  Starport  
  23  2:40  Marine  
  24  2:48  Command Center  
  24  2:58  Siege Tank  
  27  3:01  Marine  
  28  3:10  Medivac  
  30  3:18  Supply Depot  
  30  3:22  Marine  
  31  3:39  Siege Tank  
  31  3:40  Medivac  
  36  3:41  Marine  
  37  3:53  Supply Depot  
  37  3:59  Marine  
  37  4:02  SCV  
  39  4:11  Siege Tank  
  42  4:17  Marine  
  42  4:22  Viking  
  45  4:27  SCV  
  46  4:35  Marine  
  47  4:39  SCV  
  47  4:43  Siege Tank  
  52  4:52  Marine, SCV  
  46  5:42  SCV  
  47  5:50  Viking  
  47  5:51  Marine  
  46  6:06  Siege Tank  
  46  6:09  Marine  
  50  6:11  SCV  
  51  6:20  Factory, Viking  
  51  6:23  SCV  
  54  6:26  Starport  
  54  6:27  Marine  
  55  6:35  SCV  
  55  6:36  Refinery  
  56  6:40  Refinery  
  56  6:45  Marine  
  57  6:51  Siege Tank  
  57  6:54  Viking  
  62  7:03  Marine  
  62  7:06  Starport Reactor  
  63  7:10  Factory Tech Lab  
  63  7:19  Engineering Bay  
  63  7:20  Marine  
  64  7:23  Siege Tank, Medivac  
  69  7:30  Siege Tank  
  72  7:38  Marine  
  72  7:40  SCV  
  74  7:46  Viking  
  76  7:52  SCV  
  76  7:55  Sensor Tower  
  76  7:56  Marine  
  78  8:14  Marine  
  79  8:25  SCV  
  80  8:28  Starport Reactor  
  80  8:29  Viking x2  
  84  8:35  Marine  
  85  8:50  Missile Turret  
  85  8:53  Marine  
  77  9:46  Viking x3  
  78  10:04  Siege Tank  
  78  10:05  Siege Tank  
  84  10:12  Orbital Command  
  84  10:18  Viking  
  86  10:25  Viking x3  
  92  10:30  Supply Depot  
  92  10:48  Viking  
  94  10:52  Siege Tank x2  
  94  10:53  Supply Depot  
  94  10:56  Supply Depot  
  100  11:17  Supply Depot  
  100  11:24  Siege Tank  
  103  11:34  Siege Tank  
  106  11:56  Siege Tank  
  109  12:15  Viking x3  
  109  12:16  Viking  
  117  12:45  Viking  
  117  12:48  Viking  
  92  13:15  Viking  
  70  13:50  Command Center  
  56  13:57  Siege Tank x2  
  56  13:59  Marine  
  63  14:17  Marine  
  64  14:29  Siege Tank x2  
  70  14:34  Marine  
  71  14:52  Marine  
  72  15:05  Planetary Fortress  
  72  15:10  Marine  
  73  15:24  Refinery  
  67  15:38  Refinery  
  67  15:41  Siege Tank  
  67  15:42  Siege Tank  
  73  15:49  SCV  
  74  16:00  Viking x2  
  74  16:01  SCV  
  74  16:02  Viking x2  
  83  16:13  SCV  
  84  16:23  Missile Turret  
  84  16:30  Viking x2  
  84  16:32  Viking  
  90  16:41  Viking  
  92  16:47  Sensor Tower  
  92  16:59  Viking  
  94  17:06  Missile Turret  
  94  17:12  Hi-Sec Auto Tracking  
  94  17:23  Missile Turret  
  94  17:26  Viking x2, Starport  
  98  17:42  Command Center  
  98  17:43  Missile Turret  
  98  18:04  Missile Turret  
  98  18:10  Terran Infantry Weapons Level 1  
  92  18:44  Starport Tech Lab  
  92  18:45  Viking  
  92  18:46  Viking x3  
  100  18:52  Armory  
  100  19:25  Sensor Tower  
  100  19:37  Planetary Fortress  
  100  19:41  Starport  
  100  19:49  Missile Turret  
  100  20:07  Thor  
  100  20:08  Thor  
  112  20:21  Raven  
  112  20:23  Missile Turret  
  114  20:30  Starport  
  114  20:41  SCV  
  115  20:50  Thor x2  
  115  20:53  SCV  
  128  21:01  Command Center  
  128  21:05  SCV  
Show
View Real Time Build Order
Export as new Build Order

zidar Zerg - Winner!

Build Orders: Hatch First, Muta Ling Bane 

Get SALT Encoding   

  12  0:01  Drone  
  13  0:14  Overlord  
  13  0:17  Drone  
  14  0:32  Drone x2  
  16  0:36  Drone  
  17  0:57  Hatchery  
  16  0:58  Drone  
  16  1:02  Extractor  
  16  1:04  Drone  
  17  1:20  Spawning Pool  
  17  1:24  Drone  
  17  1:27  Drone  
  18  1:36  Overlord  
  18  1:40  Drone  
  19  1:57  Drone  
  20  2:08  Queen  
  20  2:09  Metabolic Boost  
  20  2:14  Queen  
  24  2:23  Drone x2  
  26  2:35  Baneling Nest  
  26  2:36  Drone  
  26  2:42  Drone  
  26  2:44  Drone  
  28  2:53  Zergling x6  
  31  2:59  Pneumatized Carapace  
  31  3:05  Drone x2  
  33  3:23  Hatchery  
  32  3:29  Drone x3  
  35  3:35  Lair  
  35  3:49  Overlord  
  35  3:55  Queen, Extractor  
  35  3:58  Extractor  
  35  3:59  Extractor  
  34  4:06  Zergling x2  
  34  4:07  Zergling x10  
  34  4:09  Baneling x3  
  40  4:13  Overlord  
  40  4:26  Baneling x2  
  40  4:42  Drone x7  
  47  4:48  Queen  
  49  5:05  Evolution Chamber  
  48  5:09  Evolution Chamber  
  48  5:10  Drone x3  
  33  5:29  Zergling x12  
  32  5:41  Zergling x4  
  30  6:15  Drone x8  
  38  6:27  Centrifical Hooks  
  38  6:42  Queen  
  40  6:53  Baneling  
  40  6:55  Baneling x3  
  40  6:57  Zergling x2  
  40  6:58  Zergling x10  
  46  7:07  Drone x3  
  49  7:12  Drone  
  49  7:14  Overlord  
  50  7:39  Drone x8  
  58  8:03  Zerg Ground Armor Level 1, Zerg Melee Weapons Level 1  
  58  8:06  Spire  
  58  8:09  Extractor  
  58  8:10  Drone  
  58  8:11  Drone  
  58  8:13  Overlord x4  
  58  8:16  Baneling x4  
  58  8:28  Extractor, Drone  
  58  8:31  Extractor, Drone x4  
  61  8:45  Drone x2  
  61  8:46  Drone  
  61  8:47  Drone  
  65  8:50  Zergling x2  
  65  8:51  Zergling x18  
  66  9:24  Zergling x2  
  61  9:25  Zergling x28  
  59  9:59  Mutalisk  
  59  10:00  Mutalisk x3  
  67  10:09  Hatchery  
  66  10:29  Drone x2  
  66  10:31  Overlord x3  
  68  10:36  Baneling x11  
  68  11:02  Zerg Ground Armor Level 2  
  68  11:03  Zerg Melee Weapons Level 2  
  68  11:05  Hatchery  
  68  11:11  Zergling x14, Infestation Pit  
  73  11:30  Drone x6  
  79  11:48  Zergling x14  
  86  12:02  Mutalisk x6  
  98  12:25  Spore Crawler  
  98  12:26  Spore Crawler  
  98  12:28  Spore Crawler x2  
  94  12:30  Baneling  
  94  12:31  Baneling x6  
  94  12:32  Baneling x10  
  94  12:46  Zergling x4  
  94  12:47  Zergling x4  
  48  13:22  Zergling x28  
  48  13:23  Zergling x14  
  58  13:56  Baneling x15  
  58  13:59  Queen  
  58  14:01  Drone x3  
  63  14:39  Drone x9  
  72  15:18  Hatchery  
  71  15:34  Mutalisk x9  
  89  15:37  Zergling x4  
  91  16:07  Hive  
  91  16:09  Overseer  
  91  16:12  Zergling x2  
  91  16:13  Zergling x12  
  98  16:51  Extractor, Drone x4  
  101  16:56  Zergling x6  
  101  16:58  Overlord x7, Extractor  
  103  17:03  Extractor  
  102  17:18  Drone x4  
  102  17:19  Drone x2  
  102  17:20  Drone x2  
  102  17:21  Drone  
  111  17:30  Drone x4  
  111  17:31  Drone x2  
  111  17:36  Zerg Ground Armor Level 3  
  117  17:37  Zerg Melee Weapons Level 3  
  117  17:42  Ultralisk Cavern  
  116  18:00  Hatchery  
  115  18:10  Overlord  
  115  18:11  Overlord  
  115  18:12  Overlord x3  
  109  18:45  Ultralisk x3  
  109  18:46  Mutalisk x2, Ultralisk  
  137  18:54  Chitinous Plating  
  137  19:10  Zergling x8  
  137  19:11  Zergling x32  
  157  19:33  Adrenal Glands  
  157  19:45  Ultralisk x3  
  175  19:50  Zergling x2  
  175  19:51  Zergling x8  
  180  19:53  Zergling x2  
  180  19:56  Drone  
  188  20:21  Ultralisk x3  
Tags
 
Add a new tag
Caveats
  • Supply blocks, unpowered buildings, or Contaminate may cause inaccurate times.
  • Supply counts are checked every 10 seconds.